cohdb
Replays
Latest Replays
All Replays
Popular Replays
Top Player Replays
Match Explorer
How It Works
Community
CoH3 Stats
Reddit
Sign in to upload your games and track your stats! →
Sign in with Steam
Match 38403344
Unlisted
Match 38403344
Overview
Messages
Build Orders
End
Construct Section Command Post
Selects Air and Sea Battlegroup
Royal Engineer Section
ML 3-inch Mortar Team
Vickers Machine Gun Team
Selects Supply Surplus
Construct Platoon Command Post
Royal Engineer Section
Construct Field Infirmary
Royal Engineer Section
Vickers Machine Gun Team
Selects Commando Section Paradrop
Selects Commando Support Section Paradrop
Commando Section Paradrop
Commando Support Section Paradrop
315oklopna
JSO
BigTiddyLebron
RX-13
0
0
Comments
sign in to comment!
No comments posted yet!